 Dungeon Crawl Stone Soup version 0.29.0-4-gdea44cf6ec (webtiles) character file.

Game seed: 7658334489030392996

99 qw the Sneak (level 4, -2/28 HPs)
             Began as a Gargoyle Delver on Sept 10, 2022.
             Killed by divine providence
             ... invoked by an orc priest
              (8 damage)
             ... on level 5 of the Dungeon.
             The game lasted 00:00:05 (460 turns).

qw the Sneak (Gargoyle Delver)                       Turns: 460, Time: 00:00:06

Health: -2/28      AC:  6    Str: 18    XL:     4   Next: 72%
Magic:  4/4        EV: 11    Int: 10    God:
Gold:   16         SH:  0    Dex: 11    Spells: 3/3 levels left

rFire   . . .      SeeInvis .   i - +0 war axe
rCold   . . .      Faith    .   (no shield)
rNeg    + . .      Spirit   .   b - +0 leather armour
rPois   inf        Reflect  .   (no helmet)
rElec   +          Harm     .   (no cloak)
rCorr   .          Rampage  .   (no gloves)
Will    .....                   (no boots)
Stlth   +.........              (no amulet)
HPRegen 0.09/turn               (no ring)
MPRegen 0.09/turn               (no ring)

@: confused
A: sickness immunity, AC +3, negative energy resistance 1, electricity
resistance, torment resistance 1, petrification resistance
a: no special abilities


You were on level 5 of the Dungeon.
You visited 1 branch of the dungeon, and saw 1 of its levels.

You collected 16 gold pieces.


Innate Abilities, Weirdness & Mutations

You are immune to sickness and miasma.
Your stone body is resilient. (AC +3)
You are immune to poison.
You resist negative energy. (rN+)
You are resistant to electric shocks. (rElec)
You are resistant to unholy torment.
You are immune to petrification.


   Skills:
 - Level 3.2 Fighting
 + Level 4.3 Axes
 - Level 1.5 Dodging
 - Level 5.4 Stealth


You had 3 spell levels left.
You didn't know any spells.
Your spell library was empty.

Inventory:

Hand Weapons
 i - a +0 war axe (weapon)
Armour
 b - a +0 leather armour (worn)
Wands
 g - a wand of digging (3)
Scrolls
 c - a scroll of fog
 d - a scroll of magic mapping
 e - a scroll of fear
 h - a scroll of teleportation {unknown}
Potions
 f - a potion of haste

Dungeon Overview and Level Annotations

Branches:
Dungeon (5/15)
 Temple: D:4-7

Altars:


Message History

An orc wizard comes into view. It is wielding a +0 dagger.
The hound misses you.
You slash the hound!
You kill the hound!
The orc priest mumbles some strange prayers to Beogh against you.
Beogh smites you!
Your Axes skill increases to level 4!
You slash the orc!
You kill the orc!
The orc wizard mumbles some strange words.
The orc wizard flickers and vanishes!
Deactivating autopickup; reactivate with Ctrl-A.
The orc barely misses you.
Items here: %% ) [.
You barely miss the orc. You slash the orc!
You kill the orc!
Something hits you.
You barely miss something.
You hear some strange, mumbled words.
A puff of flame appears from out of thin air!
The puff of flame misses you.
The orc priest looks satisfied for a moment.
Something hits you but does no damage.
You miss something. Something hits you but does no damage.
You closely miss something. Something hits you but does no damage.
You hit something. Something hits you but does no damage. Something hits you.
You hit something. Something hits you but does no damage.
You miss something.
You hear some strange, mumbled words.
You are confused.
You closely miss something. Something hits you.
The orc priest mumbles some strange prayers to Beogh against you.
Beogh smites you!
You die...

##.##.### .#.
#........ ...
#...##### #..
#.....### #.#
#........ #o#
##.##.### ### #o#
#.##.... ...#{#
#.###### #.#@# #.####
###.))#########....###
#:......)............#
#.#.###..#########.###
# #. #..# #.... #.
#..# #.#.# # ....
#.### .##..# #.###.#
#. ...# #...>.#


You could see an orc priest and an orc.

Vanquished Creatures
  A scorpion (D:5)
  A hound (D:5)
  An adder (D:5)
  2 orcs (D:5)
5 creatures vanquished.

Notes
Turn   | Place    | Note
-------+----------+-------------------------------------------
     0 | D:5      | qw the Gargoyle Delver began the quest for the Orb.
     0 | D:5      | Reached XP level 1. HP: 14/14 MP: 1/1
     0 | D:5      | 0 ||| qw: Version: 0.1-a-116-g5d60599
     0 | D:5      | 0 ||| qw: Game counter: 8585
     0 | D:5      | 0 ||| qw: Always use a shield: true
     0 | D:5      | 0 ||| qw: God list: Okawaru
     0 | D:5      | 0 ||| qw: Allow faded altars: false
     0 | D:5      | 0 ||| qw: Do Orc after D:15 true
     0 | D:5      | 0 ||| qw: Do second Lair branch before Depths: true
     0 | D:5      | 0 ||| qw: Lair rune preference: random
     0 | D:5      | 0 ||| qw: Plans: Normal
     0 | D:5      | 0 ||| PLANNING D:1-11
    15 | D:5      | Noticed a scorpion
    26 | D:5      | HP: 2/14 [scorpion (3)]
    28 | D:5      | Killed a scorpion
    29 | D:5      | Reached skill level 3 in Axes
    29 | D:5      | Reached XP level 2. HP: 3/19 MP: 2/2
    29 | D:5      | Reached XP level 3. HP: 3/23 MP: 3/3
   320 | D:5      | Reached XP level 4. HP: 20/28 MP: 4/4
   431 | D:5      | 431 ||| SWAPPING to +0 war axe.
   432 | D:5      | 432 ||| DROPPING +0 hand axe.
   460 | D:5      | HP: 6/28 [something (3)]
   460 | D:5      | Killed from afar by an orc priest

Levels and vault maps discovered:
D:5:      layout_basic, uniq_sigmund

Skill      XL: |  1  2  3  4 |
---------------+-------------+-----
Axes           | 3 4 |  4.3
Fighting       | |  3.2
Dodging        | |  1.5
Stealth        | |  5.4

Action                   |  1- 3 |  4- 6 || total
-------------------------+-------+-------++-------
Melee: Hand axe          |    16 |       ||    16
       War axe           |       |    12 ||    12
Armor: Leather armour    |     7 |     5 ||    12
Dodge: Dodged            |     6 |     3 ||     9

Table legend:
 A = Non-vault XP
 B = Vault XP
 C = Vault XP percentage of total XP
 D = Non-vault monster count
 E = Vault monster count
 F = Vault count percentage of total count
                 A         B        C        D         E       F
            +---------+---------+-------+---------+---------+-------
      Total |     142 |       0 |   0.0 |       5 |       0 |   0.0
            +---------+---------+-------+---------+---------+-------
        D:5 |     142 |       0 |   0.0 |       5 |       0 |   0.0
            +---------+---------+-------+---------+---------+-------
